 Dungeon Crawl Stone Soup version 0.24-a0-446-g87df7205b4 (webtiles) character file.

Game seed: 7526559895818762634

102 vurker the Chopper (level 4, 0/35 HPs)
             Began as a Demonspawn Gladiator on June 23, 2019.
             Slain by a sky beast (4 damage)
             ... on level 2 of the Dungeon.
             The game lasted 00:03:59 (2733 turns).

vurker the Chopper (Demonspawn Gladiator)           Turns: 2733, Time: 00:03:59

Health: 0/35       AC:  6    Str: 15      XL:     4   Next: 50%
Magic:  0/4        EV: 12    Int:  7 (9)  God:
Gold:   130        SH:  0    Dex: 15      Spells: 3/3 levels left

rFire    . . .     SeeInvis .   a - +0 war axe
rCold    . . .     Gourm    .   (no shield)
rNeg     . . .     Faith    .   n - +0 ring mail
rPois    .         Spirit   +   c - +0 helmet
rElec    .         Reflect  .   (no cloak)
rCorr    .         Harm     .   (no gloves)
MR       .....                  (no boots)
Stlth    +.........             (no amulet)
HPRegen  0.11/turn              (no ring)
MPRegen  0.09/turn              (no ring)

@: no status effects
A: hooves 1, magic shield
a: no special abilities


You were on level 2 of the Dungeon.
You were not hungry.

You visited 1 branch of the dungeon, and saw 3 of its levels.

You collected 130 gold pieces.

Inventory:

Hand Weapons
 a - a +0 war axe (weapon)
Armour
 c - a +0 helmet (worn)
 n - a +0 ring mail (worn)
   (You found it on level 1 of the Dungeon)
Scrolls
 g - a scroll of identify {unknown}
 h - a scroll of teleportation {unknown}
 j - a scroll of enchant weapon {unknown}
 l - a scroll of remove curse {unknown}
Potions
 f - 2 potions of resistance {unknown}
 i - a potion of brilliance {unknown}
 k - a potion of heal wounds {unknown}
 m - a potion of curing {unknown}
Comestibles
 b - 2 chunks of flesh
 e - a ration {!d}


   Skills:
 + Level 3.1 Fighting
 * Level 4.2 Axes
 - Level 1.7 Throwing
 - Level 2.6 Dodging


You had 3 spell levels left.
You didn't know any spells.
Your spell library was empty.

Dungeon Overview and Level Annotations

Branches:
Dungeon (3/15)

Altars:


Innate Abilities, Weirdness & Mutations

You have large cloven feet.
When hurt, damage is shared between your health and your magic reserves.


Message History

Aim: a sky beast Really fire
d - 2 throwing nets {!f}?
You throw a throwing net {!f}.
The throwing net {!f} hits the sky beast.
The sky beast is caught in the net!
The sky beast struggles against the net.
You are too injured to fight recklessly!
You are too injured to fight recklessly!
You are too injured to fight recklessly!
You are too injured to fight recklessly!
You are too injured to fight recklessly!
You slash the sky beast!
You kick the sky beast, but do no damage.
The sky beast flickers out of sight!
Deactivating autopickup; reactivate with Ctrl-A.
Something wriggles in the net.
You barely miss something. You kick something.
Something wriggles in the net.
You hit something but do no damage. You kick something.
Something wriggles in the net.
You hit something but do no damage. You kick something.
Something wriggles in the net.
All of a sudden the net rips apart!
Something hits you.
* * * LOW HITPOINT WARNING * * *
Something shocks you.
* * * LOW HITPOINT WARNING * * *
Throwing (i - inventory)
d - a throwing net (quivered)
{!f} Really fire
d - a throwing net {!f}?
You throw a throwing net {!f}. You barely miss something.
Your kick misses something.
A sky beast appears from thin air!
Reactivating autopickup.
The sky beast closely misses you. The sky beast misses you.
You hit the sky beast but do no damage. The sky beast barely misses you.
You closely miss the sky beast. The sky beast barely misses you.
You barely miss the sky beast.
The sky beast hits you but does no damage.
The sky beast closely misses you.
You hit the sky beast.
You kick the sky beast, but do no damage.
The sky beast barely misses you.
You miss the sky beast. You kick the sky beast.
The sky beast hits you but does no damage.
You miss the sky beast. You kick the sky beast.
The sky beast hits you but does no damage.
You hit the sky beast but do no damage.
You kick the sky beast, but do no damage.
The sky beast barely misses you. x2
You miss the sky beast. Your kick misses the sky beast. The sky beast hits you.
The sky beast shocks you.
You die...

#..............#
#####(############.# #.......#
#.# #.###.#.# #.# #.#...#.#
#.### #########.#...#.# #....
#.............#.##############
##.######.#..Y>...............
#.#.........@..#############.
#.#.####.....................
#.#.# #.....#.#############.
#.#.# #.....#.#.............
#.#.# #.....#.#.############
#.#.# #.....#.#.# #...
#.#.####.....#.#.# #####.##
#.#.#........#'#'#####.....#.
#.#.#......................#.


You could see a sky beast.

Vanquished Creatures
  A scorpion (D:2)
  2 adders (D:2)
  A worm (D:2)
  A dart slug (D:2)
  3 giant cockroaches
  5 goblins
  6 hobgoblins
  A ball python (D:1)
  3 bats
  2 frilled lizards (D:1)
  4 kobolds
  5 rats (D:1)
34 creatures vanquished.

Notes
Turn   | Place    | Note
-------+----------+-------------------------------------------
     0 | D:1      | vurker the Demonspawn Gladiator began the quest for the
                  | Orb.
     0 | D:1      | Reached XP level 1. HP: 16/16 MP: 1/1
    70 | D:1      | Reached skill level 3 in Axes
   116 | D:1      | Gained mutation: When hurt, damage is shared between your
                  | health and your magic reserves. [demonic ancestry]
   116 | D:1      | Reached XP level 2. HP: 14/22 MP: 2/2
  1159 | D:2      | Reached XP level 3. HP: 15/28 MP: 3/3
  1694 | D:2      | Noticed a scorpion
  1704 | D:2      | Killed a scorpion
  1704 | D:2      | Reached skill level 4 in Axes
  1704 | D:2      | Gained mutation: You have large cloven feet. [demonic
                  | ancestry]
  1704 | D:2      | Reached XP level 4. HP: 22/35 MP: 4/4
  2601 | D:3      | Noticed a sky beast
  2733 | D:2      | Slain by a sky beast

Levels and vault maps discovered:
D:1:      scummos_arrival_checkerplants, layout_basic
D:2:      minmay_spotlight, layout_basic
D:3:      layout_loops_corners, first_ration, makhleb_blood_cavern_becter,
          uniq_grinder, uniq_ijyb, uniq_robin

Skill      XL: |  1  2  3 |
---------------+----------+-----
Axes           | 3 4 |  4.2
Fighting       | 3 |  3.1
Throwing       | |  1.7
Dodging        | |  2.6

Action                   |  1- 3 |  4- 6 || total
-------------------------+-------+-------++-------
Melee: War axe           |    94 |    32 ||   126
       Kick              |       |    13 ||    13
Throw: Throwing net      |       |     3 ||     3
  Use: Potion            |     2 |       ||     2
  Eat: Chunk             |     2 |     2 ||     4
       Ration            |       |     1 ||     1
Armor: Leather armour    |    26 |     7 ||    33
       Skin              |     4 |       ||     4
       Ring mail         |       |     9 ||     9
Dodge: Dodged            |    56 |    20 ||    76

Table legend:
 A = Non-vault XP
 B = Vault XP
 C = Vault XP percentage of total XP
 D = Non-vault monster count
 E = Vault monster count
 F = Vault count percentage of total count
                 A         B        C        D         E       F
            +---------+---------+-------+---------+---------+-------
      Total |     133 |      14 |   9.5 |      32 |       2 |   5.9
            +---------+---------+-------+---------+---------+-------
        D:1 |      28 |       0 |   0.0 |      19 |       0 |   0.0
        D:2 |     103 |      14 |  12.0 |      12 |       2 |  14.3
        D:3 |       2 |       0 |   0.0 |       1 |       0 |   0.0
            +---------+---------+-------+---------+---------+-------
